 Dungeon Sprint DCSS version 0.21-a0-274-gc1afaeb (webtiles) character file.

202 potatolord6000 the Skirmisher (level 5, 0/52 HPs)
             Began as a Hill Orc Fighter on Sept 19, 2017.
             Was a Believer of Beogh.
             Slain by a gnoll
             ... wielding a +0 spear
              (5 damage)
             ... in the Dungeon (Sprint VII: "The Pits").
             The game lasted 00:01:22 (453 turns).

potatolord6000 the Skirmisher (Hill Orc Fighter)     Turns: 453, Time: 00:01:23

Health: 0/52       AC:  7    Str: 25    XL:     5   Next: 80%
Magic:  6/9        EV:  8    Int:  8    God:    Beogh [**....]
Gold:   0          SH: 11    Dex: 10    Spells: 4/4 levels left

rFire    . . .     SeeInvis .   a - +0 war axe
rCold    . . .     Gourm    .   c - +0 shield
rNeg     . . .     Faith    .   b - +0 scale mail
rPois    .         Spirit   .   (no helmet)
rElec    .         Reflect  .   (no cloak)
rCorr    .         Harm     .   (no gloves)
MR       .....     NoTele   +   (no boots)
Stlth    ..........             (no amulet)
HPRegen  0.17/turn              (no ring)
MPRegen  0.11/turn              (no ring)

@: mighty, very slightly contaminated, invisible
A: no striking features
a: Smiting, Renounce Religion


You were in the Dungeon.
You worshipped Beogh.
Beogh was pleased with you.
You were not hungry.

You visited 1 branch

Inventory:

Hand Weapons
 a - a +0 war axe (weapon)
Armour
 b - a +0 scale mail (worn)
 c - a +0 shield (worn)
Scrolls
 m - 3 scrolls of remove curse
 n - 5 scrolls of amnesia
Potions
 i - 4 potions of magic
 j - 3 potions of berserk rage
 l - a potion of invisibility
Comestibles
 f - 8 bread rations
 p - 40 fruits
 q - 7 meat rations


   Skills:
 + Level 7.1 Fighting
 + Level 7.1 Axes
 + Level 6.5 Armour
 + Level 6.6 Shields
 + Level 6.3 Invocations


You had 4 spell levels left.
You didn't know any spells.

Dungeon Overview and Level Annotations

Branches:
Dungeon (1/1)

Altars:
Ashenzari
Cheibriados
Dithmenos
Elyvilon
Fedhas
Gozag
Hepliaklqana
Kikubaaqudgha
Makhleb
Nemelex Xobeh
Okawaru
Qazlal
Ru
Sif Muna
Trog
Uskayaw
Vehumet
Wu Jian
Xom
Yredelemnul
Zin
The Shining One
Beogh
Jiyva
Lugonu


Message History

Unknown command.
Okay, then.
Blink to where?
Press: ? - help, Dir - move target cursor
As you read the scroll of blinking, it crumbles to dust.
As you read the scroll of summoning, it crumbles to dust.
Wisps of shadow whirl around you...
Unknown command.
You swap places.
There are no items here.
The orc warrior hits your small abomination with a mace!
Your small abomination hits the orc warrior!
The orc warrior dies!
Beogh accepts your kill.
Your Fighting skill increases to level 7!
Your Axes skill increases to level 7!
Your Armour skill increases to level 6!
Your Shields skill increases to level 6!
Your Invocations skill increases to level 6!
The gnoll hits you from afar with a spear.
You die...

#_________.#
#_________.#
#_______...###########+
##########'##..........
#.?(.')))'.##......#..#
##########.##..........
#...........'..........
#+#####'#####......#..#
#..#@x#).##..........
#..).xg..#####'#####+
##+####o###.......#
#....g.).##.......#
#........##.......#
#####+#####...<...#
#.......# #.......#
#.......#


You could see a gnoll, an orc and 2 friendly small abominations.

Vanquished Creatures
  A floating eye (D)
  A gnoll (D)
  A river rat (D)
  An adder (D)
  An orc (D)
  A goblin (D)
  A kobold (D)
  A bat (D)
  A leopard gecko skeleton (D)
9 creatures vanquished.

Vanquished Creatures (collateral kills)
  An orc warrior (D)
1 creature vanquished.

Grand Total: 10 creatures vanquished

Notes
Turn   | Place    | Note
-------+----------+-------------------------------------------
     0 | D        | potatolord6000 the Hill Orc Fighter began the quest for the Orb.
     0 | D        | Reached XP level 1. HP: 19/19 MP: 1/1
    43 | D        | Found a bloodstained altar of Trog.
    43 | D        | Found a deep blue altar of Sif Muna.
    43 | D        | Found a viscous altar of Jiyva.
    43 | D        | Found a hazy altar of Hepliaklqana.
    43 | D        | Found an opulent altar of Gozag.
    44 | D        | Found a glowing golden altar of the Shining One.
    44 | D        | Found a glowing silver altar of Zin.
    44 | D        | Found a basalt altar of Yredelemnul.
    44 | D        | Found a shimmering altar of Xom.
    44 | D        | Found an ornate altar of the Wu Jian Council.
    44 | D        | Found a sacrificial altar of Ru.
    44 | D        | Found a stormy altar of Qazlal.
    44 | D        | Found an iron altar of Okawaru.
    44 | D        | Found a sparkling altar of Nemelex Xobeh.
    44 | D        | Found a burning altar of Makhleb.
    44 | D        | Found a blossoming altar of Fedhas.
    44 | D        | Found a white marble altar of Elyvilon.
    44 | D        | Found a shadowy altar of Dithmenos.
    44 | D        | Found a snail-covered altar of Cheibriados.
    46 | D        | Found a radiant altar of Vehumet.
    46 | D        | Found a corrupted altar of Lugonu.
    46 | D        | Found a roughly hewn altar of Beogh.
    48 | D        | Found an ancient bone altar of Kikubaaqudgha.
    48 | D        | Found a hide-covered altar of Uskayaw.
    48 | D        | Found a shattered altar of Ashenzari.
    56 | D        | Became a worshipper of Beogh the Brigand
    77 | D        | Reached XP level 2. HP: 27/27 MP: 1/3
   114 | D        | Reached * piety under Beogh
   128 | D        | HP: 1/28 [gnoll/halberd (11)]
   129 | D        | Reached XP level 3. HP: 2/35 MP: 5/5
   435 | D        | Noticed a floating eye
   435 | D        | Noticed an orc warrior
   437 | D        | Reached ** piety under Beogh
   437 | D        | Reached skill level 5 in Fighting
   439 | D        | Killed a floating eye
   439 | D        | Reached skill level 5 in Armour
   439 | D        | Reached skill level 5 in Shields
   439 | D        | Reached skill level 5 in Invocations
   439 | D        | Reached XP level 4. HP: 30/45 MP: 5/7
   439 | D        | Reached XP level 5. HP: 34/51 MP: 5/8
   450 | D        | Killed an orc warrior
   453 | D        | Slain by a gnoll

Vault maps used:
D:        pitsprint

Skill      XL: |  1  2  3  4  5 |
---------------+----------------+-----
Fighting       | 4 6 7 |  7.1
Axes           | 3 4 6 7 |  7.1
Armour         | 4 5 6 |  6.5
Shields        | 4 5 6 |  6.6
Invocations    | 2 3 5 6 |  6.3

Action                   |  1- 3 |  4- 6 || total
-------------------------+-------+-------++-------
Melee: War axe           |    26 |     4 ||    30
  Use: Potion            |     2 |     3 ||     5
       Scroll            |       |     2 ||     2
Armor: Scale mail        |     5 |     8 ||    13
Dodge: Dodged            |     6 |     7 ||    13
Block: Shield            |    14 |     7 ||    21

Table legend:
 A = Spawn XP
 B = Non-spawn XP
 C = Spawn XP percentage of total XP
 D = Spawn monster count
 E = Non-spawn monster count
 F = Spawn count percentage of total count
 G = Total turns spent on level
                    A         B        C        D         E        F      G
               +---------+---------+-------+---------+---------+-------+---------
         Total |       0 |     289 |   0.0 |       0 |      10 |   0.0 |   453
               +---------+---------+-------+---------+---------+-------+---------
             D |       0 |     289 |   0.0 |       0 |      10 |   0.0 |   453
               +---------+---------+-------+---------+---------+-------+---------
